 Dungeon Crawl Stone Soup version 0.20.1-1-g8b1a95d (webtiles) character file.

3250 Gets the Carver (level 9, -5/111 HPs)
             Began as a Minotaur Fighter on July 16, 2017.
             Was an Initiate of Okawaru.
             Slain by a two-headed ogre
             ... wielding a +0 giant club
              (6 damage)
             ... on level 7 of the Dungeon.
             The game lasted 00:17:14 (8313 turns).

Gets the Carver (Minotaur Fighter)                  Turns: 8313, Time: 00:17:15

Health: -5/111     AC: 24    Str: 21    XL:     9   Next: 67%
Magic:  8/8        EV:  2    Int:  5    God:    Okawaru [......]
Gold:   334        SH:  9    Dex: 13    Spells: 8/8 levels left

rFire    . . .     SeeInvis .   a - +0 long sword
rCold    . . .     Gourm    .   c - +0 shield
rNeg     + + +     Faith    .   (armour currently unavailable)
rPois    +         Spirit   .   (helmet currently unavailable)
rElec    .         Reflect  .   (cloak currently unavailable)
rCorr    .         Harm     .   (gloves currently unavailable)
MR       .....     NoTele   +   (boots currently unavailable)
Stlth    ++........             (no amulet)
Regen    0.3/turn               i - ring of positive energy
MPRegen  0.2/turn               D - ring of poison resistance

@: tree-form
A: (retaliatory headbutt)
a: Renounce Religion


You were on level 7 of the Dungeon.
You worshipped Okawaru.
Okawaru was noncommittal.
You were very hungry.
You were a tree.
You visited 2 branches of the dungeon, and saw 9 of its levels.
You also visited: Ossuary.

You collected 334 gold pieces.

Inventory:

Hand Weapons
 a - a +0 long sword (weapon)
Armour
 b - a +0 scale mail (melded)
 c - a +0 shield (worn)
 j - a scarf of resistance (melded)
 E - a +2 hat (melded)
Jewellery
 d - an uncursed amulet of faith {unknown}
 i - a ring of positive energy (left branch)
 l - an uncursed ring of see invisible
 q - an uncursed ring of positive energy
 r - an uncursed ring of wizardry
 z - an uncursed ring of flight
 D - a ring of poison resistance (right branch)
 J - an uncursed amulet of regeneration {unknown}
Wands
 G - a wand of confusion (17/48)
 I - a wand of confusion (32/48)
 L - a wand of polymorph (13/24)
Scrolls
 h - a scroll of blinking {unknown}
 m - a scroll of fog
 s - 2 scrolls of teleportation {unknown}
 t - a scroll of fear
 u - 2 scrolls of magic mapping
 y - a scroll of remove curse
 A - 2 scrolls of vulnerability {unknown}
 C - 2 scrolls of noise {unknown}
 F - 3 scrolls of amnesia
 H - 3 scrolls of identify
 K - a scroll of enchant armour {unknown}
Potions
 k - 2 potions of brilliance {unknown}
 o - 2 potions of invisibility {unknown}
 p - 2 potions of magic {unknown}
 v - 2 potions of flight
 w - 7 potions of curing {unknown}
 x - a potion of ambrosia {unknown}
 B - a potion of haste {unknown}
Comestibles
 f - 8 bread rations
 g - 3 meat rations


   Skills:
 * Level 5.1 Fighting
 - Level 14.6 Long Blades
 + Level 4.3 Armour
 + Level 2.0 Dodging
 - Level 2.0 Stealth
 - Level 3.6 Shields


You had 8 spell levels left.
You didn't know any spells.

Dungeon Overview and Level Annotations

Branches:
Dungeon (8/15)             Temple (1/1) D:6
   Lair: D:8-11

Altars:
Ashenzari
Cheibriados
Dithmenos
Elyvilon
Fedhas
Gozag
Hepliaklqana
Kikubaaqudgha
Makhleb
Nemelex Xobeh
Okawaru
Qazlal
Ru
Sif Muna
Trog
Uskayaw
Vehumet
Xom
Yredelemnul
Zin
The Shining One


Innate Abilities, Weirdness & Mutations

((You reflexively headbutt those who attack you in melee.))
((You have a pair of horns on your head.))


Message History

The two-headed ogre is lightly wounded.
The two-headed ogre hits you with a giant club.
* * * LOW HITPOINT WARNING * * *
You block the two-headed ogre's attack.
You slash the two-headed ogre!
The two-headed ogre is moderately wounded.
You block the two-headed ogre's attack. x2
You slice the two-headed ogre!!
The two-headed ogre is severely wounded.
You hit the two-headed ogre.
The two-headed ogre is severely wounded.
The two-headed ogre hits you but does no damage.
The two-headed ogre hits you with a giant club.
* * * LOW HITPOINT WARNING * * *
You hit the two-headed ogre.
The two-headed ogre is severely wounded.
The two-headed ogre hits you with a giant club!!
* * * LOW HITPOINT WARNING * * *
The two-headed ogre hits you with a giant club.
You die...

.....# #.# #.##.#..#####.#.#
####.# #.# #.##.#..........# #
#.# #.# #.............#.#
####.###.########..#.##.####..#.#
.....................##.# #..#.#
.......#.#######...p....# #..#.#
####.#.#.# #..####### #..#.# #
#.#.#.#######..# #..#.#
####.#.#........♣.# #..#..
......#.....####O## #..###
####.###....# #.# ######..###
....## ##..## #.# #..........
.###.###.### #.# #.####..### .#
##.#..#######.# ##.####..###
.#####......>)...# #.........##
......(..######### #..####...##
.######### #..####...##


You could see a two-headed ogre.

Vanquished Creatures
  Pikel (D:7)
  Prince Ribbit (D:6)
  Grinder (D:4)
  Sigmund (D:6)
  Duvessa (D:7)
  2 ice beasts
  A slave (D:7)
  A phantom (D:8)
  3 ogres
  A centaur (D:6)
  2 big kobolds (D:4)
  2 bullfrogs (D:6)
  Dowan (D:7)
  A scorpion (D:7)
  2 crimson imps
  A quasit (D:5)
  A centaur zombie (D:6)
  A hound (D:6)
  2 orc priests (D:3)
  A centaur skeleton (D:5)
  2 bullfrog skeletons
  Crazy Yiuf (D:3)
  2 iguanas
  4 orc wizards
  8 worker ants
  A killer bee zombie (D:7)
  7 big kobold zombies (Ossuary)
  2 mummies
  A worker ant zombie (D:5)
  12 adders
  3 oozes
  4 worms
  3 dart slugs
  2 leopard geckos (D:3)
  20 orcs
  2 spectral bats (Ossuary)
  2 ball pythons
  5 giant cockroaches
  5 gnoll zombies (Ossuary)
  4 goblins
  12 hobgoblins
  11 jackals
  3 quokkas
  6 bats
  6 bat simulacra (Ossuary)
  3 frilled lizards
  2 goblin simulacra (Ossuary)
  3 goblin zombies (Ossuary)
  2 hobgoblin zombies (Ossuary)
  12 kobolds
  2 kobold simulacra (Ossuary)
  4 kobold zombies (Ossuary)
  9 orc zombies (Ossuary)
  10 rats
  3 rat simulacra (Ossuary)
  2 spectral goblins (Ossuary)
  3 spectral kobolds (Ossuary)
  5 spectral rats (Ossuary)
  A fungus (D:3)
216 creatures vanquished.

Vanquished Creatures (others)
  A slave (D:7)
  A centaur (D:7)
  A hound (D:7)
  An adder (D:7)
  A shadow imp (D:7)
5 creatures vanquished.

Grand Total: 221 creatures vanquished

Notes
Turn   | Place    | Note
-------+----------+-------------------------------------------
     0 | D:1      | Gets the Minotaur Fighter began the quest for the Orb.
     0 | D:1      | Reached XP level 1. HP: 19/19 MP: 0/0
   154 | D:1      | Reached skill level 3 in Long Blades
   173 | D:1      | Reached XP level 2. HP: 24/26 MP: 1/1
   781 | D:2      | Reached skill level 4 in Long Blades
   798 | D:2      | Reached XP level 3. HP: 31/31 MP: 2/2
   889 | D:2      | Reached skill level 5 in Long Blades
   990 | D:2      | Reached XP level 4. HP: 37/39 MP: 3/3
  1242 | D:2      | Found a sparkling altar of Nemelex Xobeh.
  1242 | D:2      | Found a snail-covered altar of Cheibriados.
  1380 | D:3      | Found a sacrificial altar of Ru.
  1625 | D:3      | Noticed Sigmund
  1692 | D:3      | Reached skill level 6 in Long Blades
  1989 | D:3      | Reached XP level 5. HP: 38/45 MP: 4/4
  2086 | D:3      | Reached skill level 7 in Long Blades
  2534 | D:3      | Reached XP level 6. HP: 41/51 MP: 5/5
  3376 | D:3      | Found a runed door.
  3380 | D:3      | Noticed Crazy Yiuf
  3387 | D:3      | Killed Crazy Yiuf
  3387 | D:3      | Reached skill level 1 in Stealth
  3561 | D:4      | Noticed Grinder
  3578 | D:4      | Killed Grinder
  3578 | D:4      | Reached skill level 9 in Long Blades
  3700 | D:4      | Reached XP level 7. HP: 57/57 MP: 6/6
  4111 | D:4      | Reached skill level 10 in Long Blades
  4360 | D:5      | Entered Level 5 of the Dungeon
  4483 | D:5      | Found a sand-covered staircase.
  4516 | Ossuary  | Entered an ossuary
  4826 | Ossuary  | Reached XP level 8. HP: 61/64 MP: 7/7
  4904 | Ossuary  | Reached skill level 11 in Long Blades
  5880 | D:6      | Reached skill level 12 in Long Blades
  6115 | D:6      | Noticed Prince Ribbit
  6135 | D:6      | Killed Prince Ribbit
  6319 | D:6      | Killed Sigmund
  6319 | D:6      | Reached skill level 13 in Long Blades
  6330 | D:6      | Found a staircase to the Ecumenical Temple.
  6464 | D:6      | Found a stormy altar of Qazlal.
  6510 | D:6      | Reached XP level 9. HP: 63/70 MP: 8/8
  6666 | Temple   | Entered the Ecumenical Temple
  6931 | Temple   | Became a worshipper of Warmaster Okawaru
  7122 | D:7      | Noticed Pikel
  7137 | D:7      | Killed Pikel
  7137 | D:7      | Reached skill level 14 in Long Blades
  7766 | D:7      | Noticed Duvessa
  7770 | D:7      | Noticed Dowan
  7777 | D:7      | Killed Duvessa
  7777 | D:7      | Reached skill level 1 in Dodging
  7798 | D:7      | Killed Dowan
  8164 | D:8      | Reached skill level 5 in Fighting
  8278 | D:8      | Noticed a two-headed ogre
  8278 | D:8      | Noticed a two-headed ogre
  8313 | D:7      | HP: 1/111 [two-headed ogre/giant club (18)]
  8313 | D:7      | Slain by a two-headed ogre

Skill      XL: |  1  2  3  4  5  6  7  8  9 |
---------------+----------------------------+-----
Long Blades    | 3 4 5 6 7 9 10 13 14 | 14.6
Stealth        | 1 2 |  2.0
Fighting       | 5 |  5.1
Dodging        | 2 |  2.0
Armour         | 4 |  4.3
Shields        | |  3.6

Action                   |  1- 3 |  4- 6 |  7- 9 || total
-------------------------+-------+-------+-------++-------
Melee: Long sword        |    77 |   140 |   461 ||   678
       Headbutt          |    11 |    28 |    95 ||   134
  Use: Scroll            |       |     3 |     8 ||    11
       Potion            |       |       |     4 ||     4
 Stab: Distracted        |       |       |     1 ||     1
  Eat: Chunk             |       |     6 |     5 ||    11
       Royal jelly       |       |     1 |       ||     1
       Meat ration       |       |       |     2 ||     2
Armor: Scale mail        |    38 |    41 |   110 ||   189
       Skin              |       |       |    11 ||    11
Dodge: Dodged            |    30 |    31 |   102 ||   163
Block: Shield            |    41 |    50 |   161 ||   252
       Rpst.: Long sword |    11 |    12 |    35 ||    58
